 Dungeon Crawl Stone Soup version 0.25-a0-167-g836c352ace (webtiles) character file.

Game seed: 17837129095785976842, levelgen mode: deterministic

361 Leeroy the Conjurer (level 6, -2/45 HPs)
             Began as a Draconian Conjurer on Nov 25, 2019.
             Slain by an orc wizard
             ... wielding a +0 long sword
              (9 damage)
             ... on level 4 of the Dungeon.
             The game lasted 00:06:25 (5271 turns).

Leeroy the Conjurer (Draconian Conjurer)            Turns: 5271, Time: 00:06:27

Health: -2/45      AC:  6    Str: 10    XL:     6   Next: 38%
Magic:  9/9        EV: 12    Int: 18    God:
Gold:   101        SH:  0    Dex: 11    Spells: 6/9 levels left

rFire    . . .     SeeInvis .   m - +1 hand axe (vamp)
rCold    . . .     Gourm    .   (no shield)
rNeg     . . .     Faith    .   (armour unavailable)
rPois    .         Spirit   .   (helmet restricted)
rElec    .         Reflect  .   (no cloak)
rCorr    .         Harm     .   (no gloves)
MR       .....                  (no boots)
Stlth    ++........             (no amulet)
HPRegen  0.15/turn              (no ring)
MPRegen  0.11/turn              (no ring)

@: lightly drained
A: unfitting armour, cold-blooded, AC +6
a: no special abilities


You were on level 4 of the Dungeon.
You were hungry.

You visited 1 branch of the dungeon, and saw 4 of its levels.

You collected 101 gold pieces.

Inventory:

Hand Weapons
 a - a +0 dagger of speed
 e - a +1 hand axe of chopping
 m - a +1 vampiric hand axe (weapon)
 s - a +0 hand axe of flaming
 t - a +0 dagger of draining
 u - a +0 rapier
Armour
 w - a cursed +0 large shield
Jewellery
 g - an uncursed ring of resist corrosion {unknown}
 l - an uncursed ring of protection from magic {unknown}
 p - an uncursed amulet of the acrobat {unknown}
 r - an uncursed amulet of harm
 x - a +4 ring of dexterity {unknown}
Wands
 i - a wand of acid (5)
Scrolls
 k - 4 scrolls of identify {unknown}
 n - a scroll of enchant weapon {unknown}
 o - a scroll of amnesia {unknown}
 v - a scroll of noise {unknown}
Potions
 c - 2 potions of curing {unknown}
 d - a potion of heal wounds
 f - 2 potions of might {unknown}
 h - a potion of agility {unknown}
 j - a potion of mutation {unknown}
 q - a potion of brilliance {unknown}
Comestibles
 b - 7 rations


   Skills:
 - Level 1.7(1.3) Dodging
 - Level 1.7(1.3) Stealth
 - Level 2.0(1.5) Spellcasting
 + Level 7.8(7.2) Conjurations


You had 6 spell levels left.
You knew the following spells:

 Your Spells              Type           Power        Failure   Level  Hunger
a - Magic Dart            Conj           ####         1%          1    ##.....
b - Searing Ray           Conj           ####..       1%          2    ###....

Your spell library contained the following spells:

 Spells                   Type           Power        Failure   Level  Hunger
 Iskenderun's Mystic Bla  Conj           ####....     10%         4    #####..
 Dazzling Spray           Conj/Hex       ##....       13%         3    ####...
 Force Lance              Conj/Tloc      ##......     38%         4    #####..
 Fulminant Prism          Conj/Hex       ##........   38%         4    #####..


Dungeon Overview and Level Annotations

Branches:
Dungeon (4/15)
 Temple: D:4-7

Altars:


Innate Abilities, Weirdness & Mutations

Your plain brown scales are hard. (AC +6)
You cannot fit into any form of body armour.
You are cold-blooded and may be slowed by cold attacks.


Message History

You feel better.
You hit the orc wizard but do no damage.
You hit the jackal skeleton. The jackal skeleton closely misses you.
The orc wizard miscasts a cantrip.
The orc wizard hits you with a +0 long sword.
* * * LOW HITPOINT WARNING * * *
The jackal skeleton barely misses you. The orc closely misses you.
The orc hits you but does no damage.
The orc priest miscasts a cantrip.
Unknown command.
You closely miss the orc.
The orc is moderately wounded.
You hit the orc priest.
You hit the orc wizard but do no damage.
You closely miss the orc. You hit the jackal skeleton.
You destroy the jackal skeleton!
You hit the orc wizard.
The orc wizard looks satisfied for a moment.
The orc wizard hits you with a +0 long sword!
You die...

..........### #.....#
#....# #.........# #.<...#
#....# #.........#
#.....#######....#
#..........#.....##
..######.................#
..........................
.####''####..............
#......oo##.............
#...§...@.o##............
#...§.§≈oooo.##...........
.....§≈≈......##........>.
......≈≈.......##........#
......≈≈........#.......##
.....§§≈≈.......#########
...≈§≈≈§§......#
≈≈≈≈≈≈§≈≈≈≈§..#


You could see 2 orc priests, 2 orc wizards and 3 orcs.

Vanquished Creatures
  A phantom (D:3)
  A hound (D:4)
  An orc wizard (D:3)
  Natasha (thrice) (D:2)
  Robin (D:1)
  4 adders
  A dart slug (D:2)
  3 leopard geckos
  4 orcs
  3 giant cockroaches
  23 goblins
  8 hobgoblins
  3 jackals (D:1)
  2 quokkas
  3 ball pythons
  9 bats
  6 frilled lizards
  A jackal skeleton (D:4)
  8 kobolds
  A quokka skeleton (D:4)
  9 rats
95 creatures vanquished.

Notes
Turn   | Place    | Note
-------+----------+-------------------------------------------
     0 | D:1      | Leeroy the Draconian Conjurer began the quest for the Orb.
     0 | D:1      | Reached XP level 1. HP: 14/14 MP: 3/3
   191 | D:1      | Reached XP level 2. HP: 13/20 MP: 5/5
   195 | D:1      | Learned a level 2 spell: Searing Ray
  1035 | D:1      | Reached skill level 5 in Conjurations
  1035 | D:1      | Reached XP level 3. HP: 23/26 MP: 6/6
  1394 | D:2      | Noticed Robin
  2481 | D:1      | Killed Robin
  2481 | D:1      | Reached XP level 4. HP: 14/33 MP: 7/7
  2827 | D:2      | Reached skill level 6 in Conjurations
  3108 | D:2      | Noticed Natasha
  3125 | D:2      | Killed Natasha
  3165 | D:2      | Noticed Natasha
  3493 | D:2      | Killed Natasha
  3493 | D:2      | Reached XP level 5. HP: 22/38 MP: 3/8
  3852 | D:2      | Noticed Natasha
  3860 | D:2      | Killed Natasha
  4161 | D:3      | Noticed a phantom
  4257 | D:3      | Killed a phantom
  4257 | D:3      | Reached skill level 7 in Conjurations
  4257 | D:3      | Reached XP level 6. HP: 12/45 MP: 0/9
  5271 | D:4      | Slain by an orc wizard

Levels and vault maps discovered:
D:1:      dpeg_arrival_signposts, layout_basic
D:2:      lemuel_upstairs_altar, layout_basic, uniq_robin, uniq_natasha
D:3:      layout_loops_ring, first_ration
D:4:      layout_rooms, gammafunk_temple_overflow_elements,
          kennysheep_cross_room

Skill      XL: |  1  2  3  4  5 |
---------------+----------------+-----
Conjurations   | 5 6 7 |  7.8
Dodging        | |  1.7
Stealth        | |  1.7
Spellcasting   | |  2.0

Action                   |  1- 3 |  4- 6 || total
-------------------------+-------+-------++-------
Melee: Dagger            |   208 |   158 ||   366
       Unarmed           |    18 |       ||    18
       Tailslap          |    17 |    19 ||    36
       Hand axe          |       |    93 ||    93
 Cast: Searing Ray       |     2 |     6 ||     8
       Magic Dart        |       |     1 ||     1
  Use: Potion            |       |     1 ||     1
 Stab: Sleeping          |     5 |     4 ||     9
  Eat: Chunk             |     5 |     9 ||    14
Armor: Skin              |    68 |    77 ||   145
Dodge: Dodged            |   150 |   144 ||   294

Table legend:
 A = Non-vault XP
 B = Vault XP
 C = Vault XP percentage of total XP
 D = Non-vault monster count
 E = Vault monster count
 F = Vault count percentage of total count
                 A         B        C        D         E       F
            +---------+---------+-------+---------+---------+-------
      Total |     445 |      72 |  13.9 |      81 |      14 |  14.7
            +---------+---------+-------+---------+---------+-------
        D:1 |      70 |      35 |  33.3 |      35 |      12 |  25.5
        D:2 |     129 |      37 |  22.3 |      23 |       2 |   8.0
        D:3 |     194 |       0 |   0.0 |      17 |       0 |   0.0
        D:4 |      52 |       0 |   0.0 |       6 |       0 |   0.0
            +---------+---------+-------+---------+---------+-------
